AoeStats
← Random

African Clearing

504413445Analyzed
4v4 RM · 27d ago on Sep 5, 2026· 45m 31s· 8 players
Game mode
Random Map
Map size
Large (8 player)
Population
200
Speed
Normal
Resources
Standard
Victory
Conquest
Starting age
Dark Age
Ending age
Imperial Age
RankedLock teamsTeams togetherTeam positionsShared explorationLock speedFull tech treeHidden civsTurbo modeCheats
Victory
Defeat
🇨🇳 Inca · China
1674
+11
🇨🇳 Burmese · China
1670
+11
🇭🇰 Huns · Hong Kong SAR China
1653
+12
🇫🇷 Mongols · France
1637
+13
🇻🇳 Mongols · Vietnam
1647
-14
🇦🇷 Persians · Argentina
1558
-12
🇺🇸 Franks · United States
1538
-11
🇻🇳 Koreans · Vietnam
1503
-10
Random
13:06 Feudal Age
13:48 Double-Bit Axe
14:10 Town Watch
14:11 Loom
17:11 Scale Barding Armor
17:33 Forging
27:02 Castle Age
27:55 Bow Saw
38:19 Wheelbarrow
38:58 Light Cavalry
39:40 Husbandry
40:03 Chain Barding Armor
40:19 Iron Casting
42:59 Imperial Age
40:47 Fletching
timembh
14:19 Feudal Age
14:53 Loom
18:16 Castle Age
16:23 Double-Bit Axe
17:29 Stone Mining
17:59 Horse Collar
22:36 Fletching
23:29 Bodkin Arrow
28:15 Bow Saw
29:25 Ballistics
31:27 Wheelbarrow
30:38 Town Watch
44:02 Imperial Age
45:01 Bracer
46:03 Chemistry
luanb10
12:48 Feudal Age
16:51 Castle Age
15:04 Double-Bit Axe
15:54 Fletching
21:12 Ballistics
26:18 Padded Archer Armor
28:44 Bodkin Arrow
30:50 Wheelbarrow
31:15 Leather Archer Armor
32:54 Husbandry
34:22 Thumb Ring
35:30 Bloodlines
36:40 Hand Cart
37:58 Bow Saw
38:54 Gold Mining
43:19 Imperial Age
44:05 Bracer
44:29 Conscription
44:57 Gold Shaft Mining
45:01 Light Cavalry
DiegoRasta
10:42 Loom
13:29 Feudal Age
16:55 Castle Age
14:57 Double-Bit Axe
15:01 Horse Collar
19:16 Bow Saw
22:03 Town Watch
23:51 Wheelbarrow
25:14 Hand Cart
26:09 Gold Mining
26:13 Stone Mining
28:50 Gold Shaft Mining
30:46 Imperial Age
30:56 Imperial Age
29:14 Bloodlines
29:04 Husbandry
30:15 Scale Barding Armor
30:13 Heavy Plow
30:26 Forging
31:22 Chain Barding Armor
30:36 Cavalier
32:28 Iron Casting
32:55 Two-Man Saw
33:39 Savar
40:34 Fletching
41:23 Plate Barding Armor
42:08 Blast Furnace
42:15 Blast Furnace
41:58 Conscription
43:47 Fletching
44:23 Ballistics
44:05 Light Cavalry
44:56 Bodkin Arrow
ElMaestro
7:19 Loom
11:50 Feudal Age
15:18 Fletching
16:49 Horse Collar
17:57 Double-Bit Axe
20:25 Wheelbarrow
25:09 Castle Age
24:46 Stone Mining
25:19 Crossbowman
25:56 Bodkin Arrow
26:32 Elite Skirmisher
27:51 Bow Saw
28:52 Town Watch
34:51 Ballistics
39:57 Imperial Age
38:01 Thumb Ring
39:00 Hand Cart
39:25 Husbandry
41:48 Elite Mangudai
43:30 Chemistry
43:02 Bloodlines
43:06 Bracer
43:23 Padded Archer Armor
45:04 Parthian Tactics
45:24 Leather Archer Armor
YMK414
13:15 Feudal Age
17:21 Castle Age
15:30 Double-Bit Axe
15:59 Gold Mining
19:22 Bow Saw
20:02 Horse Collar
20:13 Loom
20:49 Fishing Lines
24:37 Wheelbarrow
25:45 Hand Cart
27:40 Gold Shaft Mining
31:16 Imperial Age
28:38 Gillnets
29:22 Scale Barding Armor
30:44 Chain Barding Armor
30:34 Forging
30:37 Stone Mining
31:53 Bloodlines
31:43 Town Watch
33:07 Two-Man Saw
31:33 Cavalier
33:50 Iron Casting
33:15 Scale Mail Armor
35:14 Plate Barding Armor
34:34 Pikeman
36:22 Conscription
37:31 Paladin
39:46 Blast Furnace
40:38 Husbandry
40:31 Fletching
41:13 Masonry
41:26 Ballistics
42:06 Chemistry
41:26 Capped Ram
43:04 Town Patrol
43:35 Siege Ram
tim.13
5:40 Loom
12:51 Feudal Age
17:19 Castle Age
18:08 Wheelbarrow
28:07 Horse Collar
30:02 Gold Mining
32:11 Gold Shaft Mining
32:48 Ballistics
33:14 Padded Archer Armor
35:11 Bloodlines
35:01 Husbandry
39:12 Imperial Age
37:13 Stone Mining
38:48 Town Watch
40:17 Conscription
41:46 Chemistry
41:18 Elite Arambai
SAVIOR
13:22 Feudal Age
13:40 Loom
17:29 Castle Age
17:11 Double-Bit Axe
17:07 Horse Collar
21:10 Wheelbarrow
22:45 Bow Saw
23:53 Town Watch
25:24 Heavy Plow
26:14 Scale Mail Armor
28:00 Chain Mail Armor
27:17 Champi Runner
28:10 Forging
28:47 Squires
31:21 Champi Warrior
35:41 Imperial Age
33:13 Arson
33:15 Pikeman
34:53 Iron Casting
34:15 Gold Mining
34:16 Stone Mining
35:45 Elite Champi Warrior
36:56 Plate Mail Armor
36:32 Halberdier
38:15 Blast Furnace
37:17 Elite Skirmisher
38:15 Fabric Shields
39:39 Conscription
42:56 Elite Kamayuk
Connection lost

Rejoining the realm…

Still unreachable

The connection could not be restored.

Session expired

The server has moved on; the page needs a fresh start.